 Dungeon Crawl Stone Soup version 0.24-a0-201-gf2055891f0 (webtiles) character file.

Game seed: 15814119847030466075

244 MrRokkomies the Skirmisher (level 6, 0/67 HPs)
             Began as an Ogre Hunter on Mar 21, 2019.
             Was an Initiate of Okawaru.
             Slain by an orc wizard
             ... wielding a +0 dagger
              (2 damage)
             ... on level 3 of the Dungeon.
             The game lasted 00:07:39 (2716 turns).

MrRokkomies the Skirmisher (Ogre Hunter)            Turns: 2716, Time: 00:07:40

Health: 0/67       AC:  4    Str: 17    XL:     6   Next: 10%
Magic:  6/6        EV:  7    Int: 12    God:    Okawaru [......]
Gold:   45         SH:  0    Dex: 11    Spells: 5/5 levels left

rFire    . . .     SeeInvis .   a - +3 dagger (speed)
rCold    . . .     Gourm    .   m - +0 shield (curse)
rNeg     . . .     Faith    .   b - +0 robe
rPois    .         Spirit   .   (helmet restricted)
rElec    .         Reflect  .   k - +0 cloak
rCorr    .         Harm     .   (gloves unavailable)
MR       .....                  (boots unavailable)
Stlth    +.........             (no amulet)
HPRegen  0.21/turn              (no ring)
MPRegen  0.10/turn              (no ring)

@: confused
A: large, unfitting armour, tough skin 1
a: Renounce Religion


You were on level 3 of the Dungeon.
You worshipped Okawaru.
Okawaru was noncommittal.
You were very hungry.

You visited 1 branch of the dungeon, and saw 3 of its levels.

You collected 45 gold pieces.

Inventory:

Hand Weapons
 a - a +3 dagger of speed (weapon)
 l - a +1 mace of holy wrath
Missiles
 c - 5 large rocks
 d - 2 throwing nets
 e - 75 stones
 n - 6 tomahawks of returning (quivered)
 q - 9 poisoned needles
Armour
 b - a +0 robe (worn)
 k - a +0 cloak (worn)
 m - a cursed +0 shield (worn)
Scrolls
 g - a scroll of magic mapping
 j - 2 scrolls of remove curse
 p - a scroll of immolation
 s - 2 scrolls of identify
Potions
 o - a potion of flight
Comestibles
 f - 3 rations


   Skills:
 * Level 6.0 Fighting
 * Level 5.8 Throwing
 - Level 1.7 Dodging
 - Level 0.6 Stealth


You had 5 spell levels left.
You didn't know any spells.
Your spell library was empty.

Dungeon Overview and Level Annotations

Branches:
Dungeon (3/15)

Altars:
Fedhas
Okawaru
Vehumet
Xom


Innate Abilities, Weirdness & Mutations

You are too large for most types of armour.
You have tough skin. (AC +1)


Message History

* * * LOW HITPOINT WARNING * * *
You bump into the rock wall.
Something hits you.
* * * LOW HITPOINT WARNING * * *
The orc wizard hits you with a +0 dagger.
* * * LOW HITPOINT WARNING * * *
Throwing (i - inventory. (/) - cycle)
n - 7 tomahawks of returning (quivered)
Press: ? - help, Shift-Dir - straight line, f - orc wizard
Aim: an orc wizard, wielding a +0 dagger and wearing a +0 robe You throw a tomahawk of returning.
The tomahawk of returning fails to return to your pack!
Something hits you.
* * * LOW HITPOINT WARNING * * *
The orc wizard barely misses you. Something hits you but does no damage.
Throwing (i - inventory. (/) - cycle)
n - 6 tomahawks of returning (quivered)
Press: ? - help, Shift-Dir - straight line, f/p - orc wizard
Aim: an orc wizard, wielding a +0 dagger and wearing a +0 robe You throw a tomahawk of returning.
The tomahawk of returning returns to your pack!
The orc wizard hits you with a +0 dagger.
You die...

. ..................# ..
.....(..........#
#..########'#.........####
.......(......#.7.7.#.....
#.........................
.........$....7.7.7.7.....
..........)......_).......
.......)#{###.7.7.7.7.####
#########@# #.........#
......o)# #.#.7.7.#.#
....................#
.............########
.............#
.......####+## .......
.......


You could see an orc wizard.

Vanquished Creatures
  Natasha (twice) (D:2)
  Robin (D:2)
  A gnoll (D:1)
  9 adders
  2 oozes
  A dart slug (D:2)
  2 leopard geckos
  4 orcs (D:3)
  5 bats
  2 giant cockroaches
  9 hobgoblins
  A quokka (D:2)
  4 frilled lizards
  16 goblins
  12 kobolds
  14 rats
85 creatures vanquished.

Notes
Turn   | Place    | Note
-------+----------+-------------------------------------------
     0 | D:1      | MrRokkomies the Ogre Hunter began the quest for the Orb.
     0 | D:1      | Reached XP level 1. HP: 22/22 MP: 1/1
   215 | D:1      | Reached skill level 3 in Fighting
   236 | D:1      | Reached XP level 2. HP: 28/31 MP: 2/2
   498 | D:1      | Reached XP level 3. HP: 34/39 MP: 3/3
   750 | D:1      | Reached skill level 4 in Fighting
  1163 | D:2      | Reached XP level 4. HP: 46/48 MP: 4/4
  1231 | D:2      | Found a shimmering altar of Xom.
  1238 | D:2      | Noticed Robin
  1274 | D:2      | Killed Robin
  1279 | D:2      | Reached skill level 5 in Throwing
  1492 | D:2      | Noticed Natasha
  1506 | D:2      | Killed Natasha
  1506 | D:2      | Reached skill level 5 in Fighting
  1506 | D:2      | Reached XP level 5. HP: 27/57 MP: 5/5
  1964 | D:2      | Noticed Natasha
  1975 | D:2      | Killed Natasha
  2363 | D:3      | Found a blossoming altar of Fedhas.
  2385 | D:3      | Found a radiant altar of Vehumet.
  2393 | D:3      | Found an iron altar of Okawaru.
  2401 | D:3      | Became a worshipper of Warmaster Okawaru
  2415 | D:3      | Reached XP level 6. HP: 67/67 MP: 6/6
  2443 | D:3      | Reached skill level 6 in Fighting
  2715 | D:3      | HP: 2/67 [something (4)]
  2716 | D:3      | Slain by an orc wizard

Levels and vault maps discovered:
D:1:      saegor_arrival_simple_d, layout_basic, minmay_domino_2
D:2:      layout_basic, xom_teletrap_fun, uniq_natasha, uniq_robin
D:3:      layout_basic, dancing_weapons_uskayaw,
          chequers_temple_overflow_statue_of_worship, okawaru_trees_1

Skill      XL: |  1  2  3  4  5  6 |
---------------+-------------------+-----
Fighting       | 3 4 5 6 |  6.0
Throwing       | 5 |  5.8
Dodging        | |  1.7
Stealth        | |  0.6

Action                   |  1- 3 |  4- 6 || total
-------------------------+-------+-------++-------
Melee: Dagger            |    99 |   234 ||   333
       Short sword       |     3 |       ||     3
Throw: Tomahawk          |       |    28 ||    28
  Use: Scroll            |     6 |     2 ||     8
       Potion            |       |     3 ||     3
  Eat: Chunk             |     1 |     4 ||     5
Armor: Robe              |    31 |    70 ||   101
Dodge: Dodged            |    50 |    48 ||    98
Block: Shield            |    25 |    53 ||    78

Table legend:
 A = Non-vault XP
 B = Vault XP
 C = Vault XP percentage of total XP
 D = Non-vault monster count
 E = Vault monster count
 F = Vault count percentage of total count
                 A         B        C        D         E       F
            +---------+---------+-------+---------+---------+-------
      Total |     275 |      74 |  21.2 |      71 |      14 |  16.5
            +---------+---------+-------+---------+---------+-------
        D:1 |      58 |       1 |   1.7 |      29 |       1 |   3.3
        D:2 |     160 |      73 |  31.3 |      26 |      13 |  33.3
        D:3 |      57 |       0 |   0.0 |      16 |       0 |   0.0
            +---------+---------+-------+---------+---------+-------
